AoeStats
← Kokosfett Klaus

Black Forest

510370204Analyzed
2v2 RM · 3d ago on Sep 30, 2026· 65m 22s· 4 players
Game mode
Random Map
Map size
Medium (4 player)
Population
200
Speed
Normal
Resources
Standard
Victory
Conquest
Starting age
Dark Age
Ending age
Imperial Age
RankedLock teamsTeams togetherTeam positionsShared explorationLock speedFull tech treeHidden civsTurbo modeCheats
Victory
Defeat
1107
+14
🇩🇪 Saxons · Germany
1020
+19
🇬🇧 Byzantines · United Kingdom
1075
-17
🇬🇧 Sicilians · United Kingdom
1053
-16
First Passage Time Problem
0:40 Loom
12:48 Feudal Age
16:38 Castle Age
14:56 Horse Collar
15:02 Double-Bit Axe
15:10 Stone Mining
15:58 Gold Mining
17:24 Heavy Plow
30:55 Wheelbarrow
30:05 Town Watch
31:05 Scale Barding Armor
33:03 Bloodlines
32:54 Husbandry
34:56 Forging
36:04 Ballistics
35:25 Treadmill Crane
36:17 Bow Saw
37:45 Hand Cart
38:30 Murder Holes
43:07 Imperial Age
41:10 Vendel Legacy
42:26 Chain Barding Armor
42:42 Iron Casting
42:00 Fletching
43:27 Cavalier
45:05 Plate Barding Armor
46:02 Blast Furnace
46:01 Capped Ram
50:07 Stone Shaft Mining
50:34 Two-Man Saw
50:06 Crop Rotation
50:25 Siege Ram
52:18 Caravan
52:49 Coinage
53:30 Bodkin Arrow
57:22 Scale Mail Armor
56:59 Elite Varangian Guard
57:40 Squires
57:26 Arson
57:27 Gambesons
59:42 Chain Mail Armor
61:45 Plate Mail Armor
64:06 Chemistry
63:17 Masonry
63:17 Bracer
64:42 Banking
64:23 Guilds
65:12 Conscription
64:16 Gothikon
Kokosfett Klaus
0:27 Loom
13:21 Feudal Age
18:01 Wheelbarrow
22:10 Double-Bit Axe
25:29 Castle Age
25:53 Fletching
26:03 Padded Archer Armor
26:39 Horse Collar
26:52 Gold Mining
32:42 Crossbowman
33:28 Thumb Ring
34:08 Bodkin Arrow
34:28 Leather Archer Armor
39:14 Bow Saw
39:08 Heavy Plow
46:41 Imperial Age
46:16 Ballistics
47:54 Arbalester
49:50 Bracer
52:49 Ring Archer Armor
56:26 Caravan
57:30 Forging
57:26 Scale Barding Armor
59:56 Bloodlines
59:46 Husbandry
62:34 Hand Cart
62:04 Town Watch
63:56 Chemistry
62:52 Onager
63:01 Light Cavalry
64:08 Scale Mail Armor
64:22 Elite Varangian Guard
Justaerin
0:46 Loom
11:11 Feudal Age
16:13 Castle Age
15:17 Scale Barding Armor
17:40 Husbandry
26:50 Gambesons
31:29 Gold Mining
31:32 Arson
32:20 Forging
32:55 Squires
32:56 Pikeman
37:14 Imperial Age
35:10 Horse Collar
35:17 Double-Bit Axe
35:56 Chain Barding Armor
37:32 Scale Mail Armor
40:30 Halberdier
41:28 Chain Mail Armor
44:50 Conscription
45:52 Chemistry
45:31 Bow Saw
50:05 Fletching
50:44 Heavy Plow
50:55 Bodkin Arrow
54:42 Wheelbarrow
53:39 Elite Varangian Guard
53:45 Heavy Camel Rider
55:25 Crop Rotation
56:31 Iron Casting
56:30 Plate Mail Armor
56:37 Wheelbarrow
55:36 Elite Varangian Guard
57:41 Iron Casting
58:03 Plate Barding Armor
62:47 Hoardings
Creedling
1:58 Loom
10:52 Feudal Age
23:19 Double-Bit Axe
23:16 Horse Collar
28:20 Castle Age
26:28 Stone Mining
35:56 Bow Saw
35:58 Heavy Plow
36:16 Gold Mining
37:54 Fletching
39:55 Wheelbarrow
40:23 Scale Mail Armor
41:25 Forging
41:12 Bodkin Arrow
42:39 Hand Cart
45:55 Imperial Age
44:37 Scale Barding Armor
45:14 Gold Shaft Mining
45:25 Stone Shaft Mining
45:29 Iron Casting
44:55 Padded Archer Armor
45:25 Husbandry
46:12 Capped Ram
47:39 Conscription
50:41 Chemistry
49:52 Masonry
49:55 Pikeman
50:26 Cavalier
63:39 Crop Rotation
64:07 Elite Skirmisher
Connection lost

Rejoining the realm…

Still unreachable

The connection could not be restored.

Session expired

The server has moved on; the page needs a fresh start.